 Dungeon Crawl Stone Soup version 0.24.1-14-gf8d2b509d9 (webtiles) character file.

Game seed: 4510291420103294727, levelgen mode: deterministic

1222 Temp85366 the Cleaver (level 8, -1/71 HPs)
             Began as a Hill Orc Fighter on Jan 4, 2023.
             Was an Initiate of Trog.
             Slain by an orc warrior
             ... wielding a +0 trident
             ... led by the fury of Okawaru
              (31 damage)
             ... on level 5 of the Dungeon.
             The game lasted 00:35:08 (5151 turns).

Temp85366 the Cleaver (Hill Orc Fighter)            Turns: 5151, Time: 00:35:08

Health: -1/71      AC: 13    Str: 20    XL:     8   Next: 47%
Magic:  8/8        EV:  4    Int: 11    God:    Trog [......]
Gold:   255        SH: 11    Dex: 11    Spells: 7/7 levels left

rFire    . . .     SeeInvis .   a - +0 war axe
rCold    . . .     Gourm    .   c - +1 shield
rNeg     . . .     Faith    .   w - +1 plate armour
rPois    .         Spirit   .   (no helmet)
rElec    .         Reflect  .   (no cloak)
rCorr    .         Harm     .   (no gloves)
MR       .....                  (no boots)
Stlth    ..........             (no amulet)
HPRegen  0.21/turn              k - +3 ring of intelligence {dog}
MPRegen  0.11/turn              (no ring)

@: no status effects
A: no striking features
a: Renounce Religion


You were on level 5 of the Dungeon.
You worshipped Trog.
Trog was noncommittal.
You were hungry.

You visited 2 branches of the dungeon, and saw 6 of its levels.

You collected 255 gold pieces.

Inventory:

Hand Weapons
 a - a +0 war axe (weapon)
 s - a +0 shortbow
 A - a +3 dire flail of crushing
Missiles
 e - 65 sling bullets (quivered)
 t - 20 arrows
 y - 37 bolts
Armour
 b - a +0 scale mail
 c - a +1 shield (worn)
 g - a +0 chain mail
 v - a cursed +0 cloak
 w - a +1 plate armour (worn)
 x - a +0 centaur barding
Jewellery
 k - a +3 ring of intelligence (left hand) {dog}
Wands
 r - a wand of paralysis (6)
 z - a wand of disintegration (15)
Scrolls
 i - 2 scrolls of identify
 j - 3 scrolls of magic mapping
 l - a scroll of teleportation
 u - a scroll of remove curse
Potions
 d - 3 potions of might
 h - a potion of magic {unknown}
 m - 4 potions of curing
 n - a potion of berserk rage
 o - a potion of invisibility {unknown}
 p - 2 potions of degeneration {unknown}
 q - a potion of haste {unknown}
Comestibles
 f - 11 rations


   Skills:
 + Level 6.3 Fighting
 + Level 8.3 Axes
 + Level 5.7 Armour
 + Level 1.0 Dodging
 + Level 0.4 Stealth
 + Level 5.8 Shields


You had 7 spell levels left.
You didn't know any spells.
Your spell library was empty.

Dungeon Overview and Level Annotations

Branches:
Dungeon (5/15)             Temple (1/1) D:5

Altars:
Ashenzari
Cheibriados
Dithmenos
Elyvilon
Fedhas
Gozag
Hepliaklqana
Kikubaaqudgha
Makhleb
Nemelex Xobeh
Okawaru
Qazlal
Ru
Sif Muna
Trog
Uskayaw
Vehumet
Wu Jian
Xom
Yredelemnul
Zin
The Shining One


Message History

That felt strangely unrewarding.
You hit the orc.
Your plate armour prevents you from hitting the orc knight.
You block the orc knight's attack. You block the orc's attack.
You block the orc warrior's attack.
You hit the orc.
The orc is lightly wounded.
You slash the orc!
You kill the orc!
That felt strangely unrewarding.
You hit the orc knight but do no damage.
The orc completely misses you.
The orc knight hits you with a +0 war axe!!
The orc warrior hits you from afar with a +0 trident.
As you read the scroll of teleportation, it crumbles to dust.
You feel strangely unstable. The orc hits you.
The orc knight barely misses you.
The orc warrior hits you but does no damage.
Your surroundings suddenly seem different.
The orc warrior hits you with a +0 trident!!
You die...

### # #.. # .+.... # ......# #
#....# ### # #....############.#
# #.................#####
#.....@................
#....o.....#........... ..
#...o=To...#'#####...>. ..
#.oo.######............ #.#
#..oo# #.......#####
#.#########..o.+ #.†.....#....
+..............######.......#....
#.....#........#....##########'##
#.....#...#....#...........##...#


You could see 2 orc knights, a troll, 4 orc warriors and 2 orcs.

Vanquished Creatures
  The ghost of cstieg1 the Chopper, a novice NaWr (D:5)
  Edmund (Temple)
  An ice beast (D:5)
  A phantom (D:4)
  A centaur (D:3)
  A bullfrog (D:3)
  2 scorpions (D:5)
  2 crimson imps (D:5)
  A hound (D:5)
  An orc wizard (D:4)
  An iguana (D:5)
  Ijyb (D:5)
  A worker ant (D:4)
  8 adders
  2 adder skeletons
  A worm (D:5)
  4 dart slugs
  5 orcs
  3 giant cockroaches
  10 goblins
  7 hobgoblins
  4 jackals
  4 quokkas
  A ball python (D:3)
  9 bats
  4 frilled lizards
  5 kobolds
  8 rats
  7 plants (D:4)
97 creatures vanquished.

Notes
Turn   | Place    | Note
-------+----------+-------------------------------------------
     0 | D:1      | Temp85366 the Hill Orc Fighter began the quest for the Orb.
     0 | D:1      | Reached XP level 1. HP: 19/19 MP: 1/1
   104 | D:1      | Reached XP level 2. HP: 27/27 MP: 2/2
   379 | D:1      | Reached XP level 3. HP: 29/33 MP: 3/3
   449 | D:1      | Reached skill level 3 in Axes
   715 | D:2      | Found an iron altar of Okawaru.
   738 | D:2      | Became a worshipper of Warmaster Okawaru
  1007 | D:2      | Reached XP level 4. HP: 30/41 MP: 4/4
  1066 | D:2      | Reached skill level 4 in Axes
  1375 | D:3      | Noticed a centaur
  1392 | D:3      | Killed a centaur
  1392 | D:3      | Reached XP level 5. HP: 18/47 MP: 5/5
  1499 | D:3      | Reached skill level 5 in Axes
  1647 | D:3      | Reached * piety under Okawaru
  1647 | D:3      | Reached skill level 1 in Dodging
  1647 | D:3      | Reached XP level 6. HP: 41/55 MP: 6/6
  2641 | D:4      | Reached skill level 5 in Fighting
  2652 | D:4      | Found a shimmering blue altar of Sif Muna.
  2770 | D:4      | Noticed a phantom
  2804 | D:4      | Killed a phantom
  2804 | D:4      | Reached ** piety under Okawaru
  2838 | D:4      | Found a shimmering altar of Xom.
  2838 | D:4      | Found a shimmering altar of Xom.
  2838 | D:4      | Found a shimmering altar of Xom.
  2875 | D:4      | Found a shimmering altar of Xom.
  3032 | D:5      | Entered Level 5 of the Dungeon
  3101 | D:5      | Found a runed translucent gate.
  3101 | D:5      | Found a runed translucent gate.
  3101 | D:5      | Found a runed translucent gate.
  3102 | D:5      | Noticed cstieg1's ghost (novice NaWr)
  3134 | D:5      | Killed cstieg1's ghost
  3134 | D:5      | Reached *** piety under Okawaru
  3134 | D:5      | Reached skill level 7 in Axes
  3134 | D:5      | Reached skill level 5 in Armour
  3134 | D:5      | Reached skill level 5 in Shields
  3134 | D:5      | Reached XP level 7. HP: 55/61 MP: 7/7
  3682 | D:5      | Reached XP level 8. HP: 27/69 MP: 8/8
  4072 | D:5      | Noticed Ijyb
  4072 | D:5      | Noticed Edmund
  4074 | D:5      | Found a staircase to the Ecumenical Temple.
  4268 | D:5      | Killed Ijyb
  4481 | D:5      | Reached skill level 8 in Axes
  4621 | Temple   | Entered the Ecumenical Temple
  4682 | Temple   | Killed Edmund
  4696 | Temple   | Fell from the grace of Okawaru
  4696 | Temple   | Became a worshipper of Trog the Wrathful
  5141 | D:5      | Noticed an orc knight
  5141 | D:5      | Noticed a troll
  5141 | D:5      | Noticed an orc knight
  5151 | D:5      | Slain by an orc warrior

Levels and vault maps discovered:
D:1:      saegor_arrival_simple_e, layout_rooms, serial_bayou_crossing
D:2:      layout_rooms, okawaru_gym_becter
D:3:      layout_loops_cross
D:4:      layout_rooms, tgw_sif, serial_bayou_lagoon_a, xom_redecorated
D:5:      layout_gridville, minmay_temple_entry_statues_pillars, first_ration,
          ebering_ghost_rock_garden, lemuel_tele_altar, uniq_ijyb, uniq_edmund,
          uniq_blork_the_orc
Temple:   kilobyte_greek_temple

Skill      XL: |  1  2  3  4  5  6  7  8 |
---------------+-------------------------+-----
Fighting       | 4 5 6 |  6.3
Axes           | 3 4 5 7 8 |  8.3
Shields        | 4 5 |  5.8
Armour         | 4 5 |  5.7
Dodging        | 1 |  1.0
Stealth        | |  0.4

Action                   |  1- 3 |  4- 6 |  7- 9 || total
-------------------------+-------+-------+-------++-------
Melee: War axe           |   128 |   276 |   164 ||   568
  Use: Scroll            |     1 |    10 |     3 ||    14
       Potion            |       |     2 |       ||     2
  Eat: Ration            |       |     1 |     2 ||     3
       Chunk             |       |     3 |     1 ||     4
Armor: Scale mail        |    42 |       |       ||    42
       Chain mail        |    61 |    62 |       ||   123
       Plate armour      |       |    55 |    79 ||   134
Dodge: Dodged            |    51 |    49 |    18 ||   118
Block: Shield            |   100 |   134 |    75 ||   309
